 Dungeon Crawl Stone Soup version 0.20.0-8-g6b59dc7 (webtiles) character file.

44 Gorglomux the Skirmisher (level 3, 0/31 HPs)
             Began as a Centaur Fire Elementalist on May 30, 2017.
             Killed by divine providence
             ... invoked by an orc priest
              (11 damage)
             ... on level 2 of the Dungeon.
             The game lasted 00:03:57 (2184 turns).

Gorglomux the Skirmisher (CeFE)                     Turns: 2184, Time: 00:03:58

Health: 0/31       AC:  6    Str: 10    XL:     3   Next: 39%
Magic:  5/5        EV:  6    Int: 14    God:
Gold:   79         SH:  0    Dex: 10    Spells: 4/5 levels left

rFire    . . .     SeeInvis .   b - +0 hunting sling
rCold    . . .     Gourm    .   (no shield)
rNeg     . . .     Faith    .   T - +0 scale mail
rPois    .         Spirit   .   (no helmet)
rElec    .         Reflect  .   (no cloak)
rCorr    .         Harm     .   (no gloves)
MR       .....                  (no barding)
Stlth    ..........             (no amulet)
Regen    0.1/turn               (no ring)
MPRegen  0.1/turn               (no ring)

@: very quick
A: hooves 3, deformed body, speed 2, tough skin 3
a: no special abilities


You were on level 2 of the Dungeon.
You were hungry.

You visited 1 branch of the dungeon, and saw 3 of its levels.

You collected 79 gold pieces.

Inventory:

Hand Weapons
 a - a +0 mace
 b - a +0 hunting sling (weapon)
Missiles
 d - 83 arrows
 M - 38 stones (quivered)
 O - 37 sling bullets
Armour
 T - a +0 scale mail (worn)
Scrolls
 D - a scroll of noise {unknown}
 H - 2 scrolls of remove curse {unknown}
 P - a scroll of fear {unknown}
 U - a scroll of amnesia {unknown}
Potions
 C - 2 potions of agility
 F - a potion of might
 G - 2 potions of magic
 J - a potion of degeneration {unknown}
 S - a potion of lignification {unknown}
Books
 L - a book of Flames

   Spells                             Type                      Level
   a - Flame Tongue                   Conjuration/Fire             1
   b - Throw Flame                    Conjuration/Fire             2
   c - Conjure Flame                  Conjuration/Fire             3
   d - Inner Flame                    Hexes/Fire                   3
   e - Sticky Flame                   Conjuration/Fire             4
   f - Fireball                       Conjuration/Fire             5
Comestibles
 c - 3 bread rations
 z - 2 meat rations
 A - 5 fruits
 B - a royal jelly


   Skills:
 + Level 3.1 Fighting
 - Level 1.3 Dodging
 - Level 1.1 Stealth
 - Level 1.5 Spellcasting
 - Level 0.8 Conjurations
 - Level 2.6 Fire Magic


You had 4 spell levels left.
You knew the following spells:

 Your Spells              Type           Power        Failure   Level  Hunger
a - Flame Tongue          Conj/Fire      #....        65%         1    ##.....


Dungeon Overview and Level Annotations

Branches:
Dungeon (3/15)

Altars:


Innate Abilities, Weirdness & Mutations

You have hooves in place of feet.
Armour fits poorly on your strangely shaped body.
You cover ground very quickly.
You have extremely tough skin. (AC +3)


Message History

The stone completely misses the orc priest.
The orc barely misses you. The orc priest closely misses you.
The orc hits you but does no damage.
Firing (i - inventory. (,) - cycle):
M - 39 stones (quivered)
Press: ? - help, Shift-Dir - straight line, f/p - orc priest
Aim: an orc priest, wielding a mace You shoot a stone.
The stone barely misses the orc priest.
The orc priest hits you with a mace. The orc hits you with a flail.
The orc hits you but does no damage. The orc hits you.
The orc closely misses you. The orc priest hits you with a mace.
You climb downwards.
There is a stone staircase leading up here.
Unknown command.
You can't go down here!
The orc barely misses you.
The orc priest begins to cast a cantrip, but forgets the words!
The orc priest invokes the aid of Beogh against you.
Beogh smites you!
You die...

.# #.# ########.######... .#
#.# #......รท.......... .#
#.# #.######.######..# ##
#.# #.# #.######..# ####
###.# #.# #..........
...#####...#####.#
########..#
##.............#.# #..#
#######.#####.#.# #####...
#.# #.#@# #..<....
##.#####.#.# #.......
#.........o#########.######
#######..###.##.o.......##.#
.........# #.##.........##.#
#####.#### #.##.o.......##.#
### #.# #.##.........##.#
..# #.# ##.##.><.........#
#.# #.# #.......(........#


You could see an orc priest and 2 orcs.

Vanquished Creatures
  2 worms (D:2)
  2 dart slugs
  2 leopard geckos
  2 giant cockroaches
  4 goblins
  6 hobgoblins
  2 kobolds
  5 bats
  A frilled lizard (D:1)
  4 rats
30 creatures vanquished.

Notes
Turn   | Place    | Note
-------+----------+-------------------------------------------
     0 | D:1      | Gorglomux the Centaur Fire Elementalist began the quest for the Orb.
     0 | D:1      | Reached XP level 1. HP: 14/14 MP: 3/3
    73 | D:1      | Reached skill level 1 in Fighting
   352 | D:1      | Reached XP level 2. HP: 24/24 MP: 4/4
   441 | D:1      | Reached skill level 2 in Fighting
  1310 | D:2      | Reached XP level 3. HP: 20/30 MP: 5/5
  1569 | D:2      | Reached skill level 3 in Fighting
  1737 | D:2      | Found a faded altar of an unknown god.
  2184 | D:2      | Killed from afar by an orc priest

Skill      XL: |  1  2  3 |
---------------+----------+-----
Fighting       | 1 2 3 |  3.1
Dodging        | |  1.3
Stealth        | |  1.1
Spellcasting   | |  1.5
Conjurations   | |  0.8
Fire Magic     | |  2.6

Action                   || total
-------------------------++-------
Melee: Mace              ||    51
       Kick              ||     8
 Fire: Hunting sling     ||    84
 Cast: Flame Tongue      ||     1
  Use: Scroll            ||     3
  Eat: Chunk             ||     2
Armor: Robe              ||     8
       Leather armour    ||    23
       Scale mail        ||    12
Dodge: Dodged            ||    62
